 Dungeon Crawl Stone Soup version 0.21.1-1-g345015f (webtiles) character file.

331 Gobbopathe the Sneak (level 6, -2/29 HPs)
             Began as a Spriggan Artificer on Mar 9, 2018.
             Slain by an orc wizard
             ... wielding a +2 dagger of distortion
              (12 damage)
             ... on level 4 of the Dungeon.
             The game lasted 00:12:19 (4472 turns).

Gobbopathe the Sneak (Spriggan Artificer)           Turns: 4472, Time: 00:12:20

Health: -2/29      AC:  2    Str:  8    XL:     6   Next: 26%
Magic:  11/11      EV: 18    Int: 12    God:
Gold:   130        SH:  0    Dex: 19    Spells: 5/5 levels left

rFire    . . .     SeeInvis +   a - +2 dagger (freeze)
rCold    . . .     Gourm    .   (shield restricted)
rNeg     . . .     Faith    .   b - +0 robe
rPois    .         Spirit   .   (helmet restricted)
rElec    .         Reflect  .   (no cloak)
rCorr    .         Harm     .   (gloves unavailable)
MR       +....                  (boots unavailable)
Stlth    ++++......             n - amulet of magic regeneration
HPRegen  0.09/turn              (no ring)
MPRegen  0.37/turn              (no ring)

@: very quick
A: very small, unfitting armour, see invisible, herbivore, speed 3, slow
metabolism 2
a: no special abilities


You were on level 4 of the Dungeon.
You were not hungry.

You visited 1 branch of the dungeon, and saw 4 of its levels.

You collected 130 gold pieces.

Inventory:

Hand Weapons
 a - a +2 dagger of freezing (weapon)
 m - a +0 short sword
Missiles
 h - 12 poisoned needles
 l - 52 stones (quivered)
 o - 57 arrows
 p - 16 sling bullets
 w - 11 tomahawks
Armour
 b - a +0 robe (worn)
 v - a +0 buckler
Jewellery
 n - an amulet of magic regeneration (around neck)
Wands
 c - a wand of flame (1)
 d - a wand of enslavement (15)
 e - a wand of random effects (7)
 s - a wand of digging (4)
Scrolls
 j - 4 scrolls of identify
 t - a scroll of teleportation
 x - a scroll of immolation
Potions
 g - 3 potions of heal wounds
 k - 3 potions of curing {unknown}
 r - a potion of mutation {unknown}
Comestibles
 f - 4 rations


   Skills:
 - Level 0.7 Fighting
 + Level 3.5 Short Blades
 - Level 3.0 Dodging
 * Level 7.2 Stealth
 + Level 5.7 Evocations


You had 5 spell levels left.
You didn't know any spells.

Dungeon Overview and Level Annotations

Branches:
Dungeon (4/15)
 Temple: D:4-7

Altars:
Elyvilon

Annotations:
D:4 Blork the orc, Grinder, Sigmund


Innate Abilities, Weirdness & Mutations

You are very small and have problems with some larger weapons.
You are too small for most types of armour.
You have supernaturally acute eyesight. (SInv)
You are a herbivore.
You cover ground extremely quickly.
You need consume almost no food.


Message History

The orc wizard hits you but does no damage.
You blink.
An orc comes into view. It is wielding a dagger.
The orc shouts!
Blork the orc shouts!
Blork the orc points at you and mumbles some strange words.
The puff of flame hits you!
The orc throws a tomahawk.
The tomahawk closely misses you. The jackal completely misses you.
Huge Dmg: -27%(-8hp) hp: 73%(21hp)
The orc wizard casts a spell at you. The magic dart hits you!
You see here a tomahawk.
Huge Dmg: -17%(-5hp) hp: 56%(16hp) Evoke which item? (* to show all) (? for menu, Esc to quit)
Aiming: Dig
Press: ? - help, Shift-Dir - straight line The rock shatters into small pieces.
The jackal bites you. The jackal misses you.
The orc wizard hits you with a dagger of distortion.
Space warps horribly around you!
You die...

...........#.##########
...........#.### ##
...........#>... ...
................ ###
................
.....o......... #...o#
#oh..# #.@..#
#####.o######
#<...†........
#....#.....##.
#..#.#####.#
#..........#
....#.#######
#.#..#.#.######.# ...
#.####.#........# ...


You could see Blork the orc, an orc wizard, 2 orcs and a jackal.

Vanquished Creatures
  An ogre (D:4)
  Jessica (D:2)
  Natasha (thrice) (D:2)
  Robin (D:2)
  An adder (D:3)
  A worm (D:3)
  4 dart slugs
  A leopard gecko (D:1)
  6 orcs
  3 ball pythons
  7 bats
  6 giant cockroaches
  17 goblins
  9 hobgoblins
  17 jackals
  3 kobolds
  3 quokkas
  6 frilled lizards
  A quokka skeleton (D:4)
  11 rats
102 creatures vanquished.

Notes
Turn   | Place    | Note
-------+----------+-------------------------------------------
     0 | D:1      | Gobbopathe the Spriggan Artificer began the quest for the Orb.
     0 | D:1      | Reached XP level 1. HP: 9/9 MP: 4/4
    27 | D:1      | Reached skill level 2 in Stealth
   407 | D:1      | Reached XP level 2. HP: 14/14 MP: 6/6
   611 | D:1      | Reached skill level 3 in Stealth
  1160 | D:1      | Reached XP level 3. HP: 17/17 MP: 7/7
  1896 | D:2      | Reached skill level 4 in Stealth
  2077 | D:2      | Noticed Robin
  2107 | D:2      | Noticed Jessica
  2264 | D:2      | Killed Jessica
  2264 | D:2      | Reached XP level 4. HP: 21/21 MP: 8/8
  2274 | D:2      | Killed Robin
  2274 | D:2      | Reached skill level 5 in Stealth
  2509 | D:2      | Reached skill level 5 in Evocations
  2680 | D:2      | Noticed Natasha
  2799 | D:2      | Killed Natasha
  2799 | D:2      | Reached XP level 5. HP: 11/25 MP: 9/9
  3016 | D:2      | Noticed Natasha
  3018 | D:2      | Killed Natasha
  3028 | D:2      | Noticed Natasha
  3030 | D:2      | Killed Natasha
  3030 | D:2      | Reached skill level 6 in Stealth
  3733 | D:3      | Found a white marble altar of Elyvilon.
  4188 | D:4      | Noticed Sigmund
  4188 | D:4      | Noticed Grinder
  4347 | D:4      | Noticed an ogre
  4365 | D:4      | Killed an ogre
  4365 | D:4      | Reached skill level 7 in Stealth
  4365 | D:4      | Reached XP level 6. HP: 28/29 MP: 11/11
  4466 | D:4      | Noticed Blork the orc
  4472 | D:4      | Slain by an orc wizard

Skill      XL: |  1  2  3  4  5 |
---------------+----------------+-----
Stealth        | 2 3 4 5 7 |  7.2
Short Blades   | 2 3 |  3.5
Evocations     | 5 |  5.7
Fighting       | |  0.7
Dodging        | |  3.0

Action                   |  1- 3 |  4- 6 || total
-------------------------+-------+-------++-------
Melee: Short sword       |    85 |       ||    85
       Dagger            |   116 |   162 ||   278
Throw: Stone             |    21 |    43 ||    64
Evoke: Wand              |     4 |    19 ||    23
  Use: Scroll            |       |     6 ||     6
 Stab: Sleeping          |     5 |    14 ||    19
       Distracted        |     1 |     1 ||     2
  Eat: Ration            |       |     1 ||     1
Armor: Robe              |     9 |     8 ||    17
Dodge: Dodged            |   171 |   107 ||   278
